 Dungeon Crawl Stone Soup version 0.20.0-3-g22ec75f (webtiles) character file.

54 RKaid the Skirmisher (level 3, 0/34 HPs)
             Began as a Minotaur Fighter on May 26, 2017.
             Succumbed to an adder's poison
             ... on level 2 of the Dungeon.
             The game lasted 00:01:21 (945 turns).

RKaid the Skirmisher (Minotaur Fighter)              Turns: 945, Time: 00:01:22

Health: 0/34       AC:  6    Str: 21    XL:     3   Next: 66%
Magic:  2/2        EV:  7    Int:  5    God:
Gold:   74         SH:  9    Dex:  9    Spells: 2/2 levels left

rFire    . . .     SeeInvis .   a - +0 war axe
rCold    . . .     Gourm    .   c - +0 shield
rNeg     . . .     Faith    .   b - +0 scale mail
rPois    .         Spirit   .   (helmet restricted)
rElec    .         Reflect  .   (no cloak)
rCorr    .         Harm     .   (no gloves)
MR       .....                  (no boots)
Stlth    ..........             (no amulet)
Regen    0.2/turn               (no ring)
MPRegen  0.1/turn               (no ring)

@: lethally poisoned (0 -> -1)
A: retaliatory headbutt, horns 2
a: no special abilities


You were on level 2 of the Dungeon.
You were not hungry.

You visited 1 branch of the dungeon, and saw 2 of its levels.

You collected 74 gold pieces.

Inventory:

Hand Weapons
 a - a +0 war axe (weapon)
Armour
 b - a +0 scale mail (worn)
 c - a +0 shield (worn)
Scrolls
 e - a scroll of remove curse {unknown}
 h - a scroll of identify {unknown}
 i - 2 scrolls of teleportation {unknown}
 j - a scroll of fear {unknown}
Potions
 d - a potion of might
Comestibles
 f - 2 bread rations
 g - 4 chunks of flesh


   Skills:
 + Level 4.5 Fighting
 * Level 4.1 Axes
 - Level 3.6 Armour
 - Level 3.6 Shields


You had 2 spell levels left.
You didn't know any spells.

Dungeon Overview and Level Annotations

Branches:
Dungeon (2/15)

Altars:


Innate Abilities, Weirdness & Mutations

You reflexively headbutt those who attack you in melee.
You have a pair of horns on your head.


Message History

You barely miss the adder. You barely miss the frilled lizard.
The adder barely misses you. The frilled lizard barely misses you.
You block the ball python's attack. x2; You block the adder's attack.
You closely miss the adder. You headbutt the adder.
You barely miss the frilled lizard. You hit the ball python.
The ball python barely misses you. You block the ball python's attack.
The adder bites you.
You are poisoned.
The adder poisons you! The frilled lizard bites you.
The ball python closely misses you. The ball python barely misses you.
The adder bites you but does no damage.
You hit the adder. Your headbutt misses the adder.
You hit the ball python but do no damage.
You barely miss the frilled lizard.
You feel sick.
The frilled lizard bites you but does no damage.
You block the adder's attack. The ball python bites you.
The ball python grabs you. The ball python constricts you.
The frilled lizard bites you but does no damage.
You hit the ball python but do no damage.
Your headbutt misses the ball python. You barely miss the frilled lizard.
You closely miss the adder.
You feel sick. You block the adder's attack.
The ball python bites you but does no damage.
The ball python constricts you. The adder bites you.
You are more poisoned.
The adder poisons you!
The frilled lizard bites you but does no damage.
You block the ball python's attack. The ball python constricts you.
You closely miss the ball python. You headbutt the ball python.
You kill the ball python!
You hit the frilled lizard but do no damage.
You hit the adder.
You feel sick. The adder bites you but does no damage.
You block the frilled lizard's attack. The adder bites you.
The frilled lizard bites you.
You are too injured to fight recklessly!
You are too injured to fight recklessly!
You are too injured to fight recklessly!
Your shield and scale mail prevent you from hitting the adder.
You closely miss the frilled lizard.
You feel sick. You block the adder's attack.
The frilled lizard closely misses you. The adder bites you but does no damage.
You barely miss the adder. Your headbutt misses the adder.
Your shield and scale mail prevent you from hitting the frilled lizard.
You feel sick. The adder bites you but does no damage.
The frilled lizard bites you but does no damage.
The adder bites you but does no damage.
You closely miss the adder. You closely miss the frilled lizard.
You feel sick.
The frilled lizard bites you but does no damage.
The adder bites you but does no damage.
The frilled lizard bites you but does no damage.
The adder bites you.
You are more poisoned.
The adder poisons you!
You closely miss the adder. You barely miss the frilled lizard.
You feel sick. The adder bites you but does no damage.
The frilled lizard bites you but does no damage.
The adder bites you but does no damage.
You miss the adder. Your headbutt misses the adder.
You barely miss the frilled lizard.
You feel sick. You block the frilled lizard's attack.
The adder barely misses you. You furiously retaliate!
You headbutt the adder. You block the frilled lizard's attack.
You closely miss the adder.
You hit the frilled lizard but do no damage.
You feel sick. The adder closely misses you. You block the adder's attack.
You block the frilled lizard's attack.
You miss the adder. Your headbutt misses the adder.
You slash the frilled lizard!
You kill the frilled lizard!
You feel sick. The adder bites you but does no damage.
You block the adder's attack.
You miss the adder. Your headbutt misses the adder.
You feel sick. The adder bites you.
* * * LOW HITPOINT WARNING * * *
The adder bites you.
* * * LOW HITPOINT WARNING * * *
Okay, then.
Okay, then.
Unknown command.
You hit the adder.
You kill the adder!
Your Axes skill increases to level 4!
* * * LOW HITPOINT WARNING * * *
You feel sick.
There is a lethal amount of poison in your body!
There is a lethal amount of poison in your body!
* * * LOW HITPOINT WARNING * * *
You feel sick.
* * * LOW HITPOINT WARNING * * *
You feel sick.
* * * LOW HITPOINT WARNING * * *
You feel sick.
* * * LOW HITPOINT WARNING * * *
You feel sick.
* * * LOW HITPOINT WARNING * * *
You feel sick.
* * * LOW HITPOINT WARNING * * *
You feel sick.
* * * LOW HITPOINT WARNING * * *
You feel sick.
You die...

#. #.........
..........># ####.#.###
#........#.######.#.###
#........#.............
#........#.####.#...###
+........#.####.#...#
#...............#...#
#.....†.........#...#
#.....@....######...#
#.....)....# #...#
#.#####'....# #...#
#.....# #.... .?.......
#.#........
#.#......... #
#...#.#..#


There were no monsters in sight!

Vanquished Creatures
  An adder (D:2)
  2 worms (D:2)
  A dart slug (D:1)
  A leopard gecko (D:1)
  A ball python (D:2)
  3 giant cockroaches (D:1)
  8 goblins
  2 hobgoblins (D:1)
  2 jackals (D:1)
  3 bats (D:1)
  4 frilled lizards
  4 kobolds
  4 rats
36 creatures vanquished.

Notes
Turn   | Place    | Note
-------+----------+-------------------------------------------
     0 | D:1      | RKaid the Minotaur Fighter began the quest for the Orb.
     0 | D:1      | Reached XP level 1. HP: 19/19 MP: 0/0
    88 | D:1      | Reached skill level 3 in Axes
   120 | D:1      | Reached XP level 2. HP: 27/27 MP: 1/1
   352 | D:1      | Reached skill level 4 in Fighting
   619 | D:1      | Reached XP level 3. HP: 33/33 MP: 2/2
   923 | D:2      | HP: 7/34 [adder (2)]
   924 | D:2      | Reached skill level 4 in Axes
   929 | D:2      | HP: 3/34 [poisoned by an adder]
   934 | D:2      | HP: 2/34 [poisoned by an adder]
   941 | D:2      | HP: 1/34 [poisoned by an adder]
   945 | D:2      | Succumbed to an adder's poison

Skill      XL: |  1  2  3 |
---------------+----------+-----
Axes           | 3 4 |  4.1
Fighting       | 4 |  4.5
Armour         | |  3.6
Shields        | |  3.6

Action                   || total
-------------------------++-------
Melee: War axe           ||    88
       Headbutt          ||    11
Armor: Scale mail        ||    40
Dodge: Dodged            ||    37
Block: Shield            ||    57

Table legend:
 A = Turns spent in this place as a percentage of turns spent in the entire game.
 B = Non-inter-level travel turns spent in this place as a percentage of non-inter-level travel turns spent in the entire game.
 C = Inter-level travel turns spent in this place as a percentage of turns spent in this place.
 D = Turns resting spent in this place as a percentage of non-inter-level travel turns spent in this place.
 E = Turns spent auto-exploring this place as a percentage of non-inter-level travel turns spent in this place.
 F = Non-inter-level travel turns spent in this place divided by the number of levels of this place that you've seen.
                   A       B       C       D       E      F
               +-------+-------+-------+-------+-------+----------------------
         Total | 100.0 | 100.0 |   0.4 |   0.0 |  13.7 | 135.0
       Dungeon | 100.0 | 100.0 |   0.4 |   0.0 |  13.7 | 135.0
               +-------+-------+-------+-------+-------+----------------------

Table legend:
 A = Kills in this place as a percentage of kills in entire the game.
 B = Kills by you in this place as a percentage of kills by you in the entire game.
 C = Kills by friends in this place as a percentage of kills by friends in the entire game.
 D = Other kills in this place as a percentage of other kills in the entire game.
 E = Experience gained in this place as a percentage of experience gained in the entire game.
 F = Experience gained in this place divided by the number of levels of this place that you have seen.
                   A       B       C       D       E      F
               +-------+-------+-------+-------+-------+----------------------
         Total | 100.0 | 100.0 |  -nan |  -nan | 100.0 |  39.0
       Dungeon | 100.0 | 100.0 |  -nan |  -nan | 100.0 |  39.0
               +-------+-------+-------+-------+-------+----------------------
